 Dungeon Crawl Stone Soup version 0.25-a0-263-g9d16a9d099 (webtiles) character file.

Game seed: 16188433735781288984, levelgen mode: deterministic

24059 MordorOrchid the Nimble (level 12, -19/57 HPs)
             Began as a Felid Transmuter on Nov 13, 2019.
             Was the Champion of Makhleb.
             Killed from afar by a tengu reaver (55 damage)
             ... with a fireball
             ... on level 14 of the Dungeon on Dec 7, 2019.
             The game lasted 03:25:45 (31257 turns).

MordorOrchid the Nimble (Felid Transmuter)         Turns: 31257, Time: 03:25:45

Health: -19/57     AC:  6    Str:  6    XL:     12   Next: 77%
Magic:  19/27      EV: 29    Int: 20    God:    Makhleb [******]
Gold:   73         SH:  0    Dex: 16    Spells: 1/32 levels left
                                        Lives:  0   Deaths: 4

rFire    . . .     SeeInvis +     - Unarmed
rCold    + . .     Gourm    .   (shield unavailable)
rNeg     + . .     Faith    .   (armour unavailable)
rPois    .         Spirit   .   (helmet unavailable)
rElec    .         Reflect  .   (cloak unavailable)
rCorr    .         Harm     .   (gloves unavailable)
MR       +....                  (boots unavailable)
Stlth    +++++.....             (no amulet)
HPRegen  1.19/turn              B - ring of positive energy
MPRegen  0.20/turn              z - +3 ring of protection

@: regenerating, quick
A: very small, no armour, no weapons or thrown items, stealth, claws 1, fangs 3,
see invisible, carnivore, speed 1, shaggy fur 3, slow metabolism 1, sharp paws
a: Minor Destruction, Lesser Servant of Makhleb, Major Destruction, Greater
Servant of Makhleb, Renounce Religion


You were on level 14 of the Dungeon.
You worshipped Makhleb.
Makhleb was exalted by your worship.
You were completely stuffed.

You visited 4 branches of the dungeon, and saw 23 of its levels.
You also visited: Sewer and Ice Cave.

You collected 2414 gold pieces.
You spent 2341 gold pieces at shops.

Inventory:

Missiles
 a - 586 arrows
Jewellery
 b - an uncursed ring of resist corrosion
 z - a +3 ring of protection (right paw)
 B - a ring of positive energy (left paw)
 G - an uncursed ring of ice
 H - an uncursed ring of ice
 I - a +3 ring of intelligence
 P - an uncursed ring of protection from magic
 Q - an uncursed ring of protection from fire
 T - an uncursed ring of protection from fire
Wands
 r - a wand of polymorph (25)
 t - a wand of scattershot (1)
 v - a wand of clouds (1)
 w - a wand of acid (10)
 y - a wand of enslavement (23)
 L - a wand of flame (21)
 M - a wand of disintegration (10)
 O - a wand of paralysis (5)
Scrolls
 d - 3 scrolls of amnesia
 f - 14 scrolls of teleportation
 g - 9 scrolls of fog
 k - 6 scrolls of blinking
 n - a scroll of summoning
 o - 5 scrolls of fear
 q - 2 scrolls of magic mapping {unknown}
 u - 3 scrolls of noise
 x - 3 scrolls of holy word
 C - 5 scrolls of remove curse
 K - a scroll of random uselessness {unknown}
Potions
 e - 2 potions of haste
 i - 2 potions of lignification
 j - 5 potions of curing
 l - a potion of magic
 m - 4 potions of flight
 s - 3 potions of agility
 A - 5 potions of mutation
 E - 5 potions of heal wounds
 F - a potion of ambrosia
 J - 2 potions of brilliance
 S - 3 potions of might
 V - 2 potions of cancellation
Miscellaneous
 h - a lamp of fire
 D - a lightning rod (4/4)
 R - a box of beasts
Comestibles
 c - 38 rations
 p - 8 chunks of flesh


   Skills:
 * Level 9.2 Fighting
 * Level 13.5 Dodging
 - Level 9.0 Stealth
 + Level 12.8 Unarmed Combat
 + Level 10.8 Spellcasting
 - Level 8.0 Hexes
 - Level 2.0 Charms
 - Level 4.0 Necromancy
 - Level 2.0 Translocations
 * Level 6.0 Transmutations
 - Level 2.0 Fire Magic
 - Level 3.0 Ice Magic
 * Level 3.1 Earth Magic
 - Level 9.4 Invocations
 - Level 6.0 Evocations


You had one spell level left.
You knew the following spells:

 Your Spells              Type           Power        Failure   Level  Hunger
a - Beastly Appendage     Tmut           #####.       1%          1    None
b - Ensorcelled Hibernat  Hex/Ice        ####..       1%          2    None
c - Confuse               Hex            #####...     1%          3    None
d - Tukima's Dance        Hex            #####...     1%          3    None
k - Regeneration          Chrm/Necr      ###.......   5%          3    None
s - Sticks to Snakes      Tmut           #####...     1%          2    None
u - Animate Skeleton      Necr           N/A          1%          1    None
w - Passwall              Tmut/Erth      ####....     1%          2    None
y - Spider Form           Tmut/Pois      ###.......   5%          3    None
z - Apportation           Tloc           ###...       2%          1    None
A - Confusing Touch       Hex            #####.       1%          1    None
B - Slow                  Hex            #####...     1%          2    None
D - Inner Flame           Hex/Fire       ####....     2%          3    None
Y - Ice Form              Ice/Tmut       ####....     10%         4    ##.....

Your spell library contained the following spells:

 Spells                   Type           Power        Failure   Level  Hunger
 Corona                   Hex            #####..      1%          1    None
 Pain                     Necr           ####         1%          1    None
 Sandblast                Erth           ###...       1%          1    None
 Magic Dart               Conj           ##..         6%          1    None
 Summon Butterflies       Summ           ##......     6%          1    None
 Cause Fear               Hex            #####.....   2%          4    ##.....
 Dazzling Flash           Conj/Hex       ####..       3%          3    None
 Vampiric Draining        Necr           ####......   3%          3    None
 Leda's Liquefaction      Hex/Erth       ####......   6%          4    ##.....
 Gell's Gravitas          Tloc           ###.......   9%          3    None
 Lesser Beckoning         Tloc           ###.......   9%          3    None
 Searing Ray              Conj           ##....       10%         2    None
 Stone Arrow              Conj/Erth      ###...       10%         3    None
 Petrify                  Tmut/Erth      ####....     10%         4    ##.....
 Yara's Violent Unravell  Hex/Tmut       #####.....   10%         5    ####...
 Animate Dead             Necr           N/A          12%         4    ##.....
 Fulminant Prism          Conj/Hex       ####......   12%         4    ##.....
 Blade Hands              Tmut           #####.....   14%         5    ####...
 Metabolic Englaciation   Hex/Ice        ####......   19%         5    ####...
 Invisibility             Hex            #####...     36%         6    ######.
 Iskenderun's Mystic Bla  Conj/Tloc      ##......     38%         4    ##.....
 Alistair's Intoxication  Tmut/Pois      ###.....     45%         5    ####...
 Lee's Rapid Deconstruct  Erth           ###.......   45%         5    ####...
 Bolt of Magma            Conj/Fire/Erth ###.......   65%         5    ####...
 Statue Form              Tmut/Erth      ####.....    83%         6    ######.
 Iron Shot                Conj/Erth      ###.......   99%         6    ######.
 Shatter                  Erth           ###.......   100%        9    #######
 Portal Projectile        Hex/Tloc       Unusable     N/A         3    N/A

Dungeon Overview and Level Annotations

Branches:
Dungeon (14/15)            Temple (1/1) D:4            Lair (6/6) D:11
 Shoals (0/4) Lair:3        Snake (0/4) Lair:4        Slime (0/5) Lair:5
    Orc (2/2) D:9             Elf (0/3) Orc:2        Vaults (0/5) D:13
  Sewer (visited)           IceCv (visited)

Altars:
Ashenzari
Cheibriados
Dithmenos
Elyvilon
Fedhas
Gozag
Hepliaklqana
Kikubaaqudgha
Makhleb
Nemelex Xobeh
Okawaru
Qazlal
Ru
Sif Muna
Trog
Uskayaw
Vehumet
Wu Jian
Xom
Yredelemnul
Zin
The Shining One
Beogh
Jiyva

Shops:
D:12 (   D:14 !   Orc:1 [   Orc:2 ***}

Annotations:
D:5 2 transporters, Roikka's ghost, amateur MfWz
D:7 1 runed translucent door, Crazy Yiuf
D:8 Joseph
D:13 3 runed translucent doors, Amanar's ghost, journeyman DEFE
Lair:5 1 runed translucent door, exclusion: orange crystal statue


Innate Abilities, Weirdness & Mutations

You cannot wear armour.
You are incapable of wielding weapons or throwing items.
Your paws allow you to move quietly. (Stealth)
You have sharp claws.
You have razor-sharp teeth.
You have supernaturally acute eyesight. (SInv)
You are carnivorous and can eat meat at any time.
You cover ground quickly.
Your thick and shaggy fur keeps you warm. (AC +3, rC+)
You have a slow metabolism.
Your sharp claws are effective at attacking unaware monsters.


Message History

Unknown command.
Casting: Regeneration (safe; 5% risk of failure)
Confirm with . or Enter, or press ? or * to list all spells.
Aiming: Inner Flame (safe; 2% risk of failure)
Press: ? - help, Shift-Dir - straight line, f - tengu reaver
Aim: a tengu reaver, wielding a +2 war axe of chopping, wearing a +0 scale mail and wearing a cursed +0 buckler (heavily wounded, very poisoned, chance to defeat MR: 55%)
Your blizzard demon is unaffected.
The white ugly thing gurgles horribly!
Your blizzard demon waves its arms in wide circles.
The air twists around and violently strikes the tengu reaver in flight!!
The tengu reaver hits your blizzard demon with a +2 war axe of chopping!
Your blizzard demon dies!
Evoke which item? (* to show all) (? for menu, Esc to quit)
Aiming: Corrosive Bolt
Press: ? - help, Shift-Dir - straight line, f - you, p - tengu reaver
Okay, then.
The tengu reaver gestures at you while chanting.
The fireball explodes!
The fireball engulfs you!!!
Ouch! That really hurt!
You die...

....#...#...................#
.....#####...#....≈≈≈.......#
.....# #..###...≈≈≈.u.u...#
.....## ##...#....≈≈≈......<#
......###...................#
............................#
.^..........................#
P...........................#
..........§§§§§.@...........#
..........§§§§..............#
#.#........§................#
###........)§.............>.#
.......Q.............
.......*.............
....#.................
###...###....≈≈≈........
.......#.....≈≈≈.......


You could see a tengu reaver, a white ugly thing and a battlesphere.

Vanquished Creatures
  A tengu reaver (D:14)
  A frost giant (IceCv)
  An ironheart preserver (D:13)
  Snorg (Orc:1)
  2 hydras
  4 centaur warriors (D:13)
  3 two-headed ogres
  2 death yaks
  5 orc high priests
  Sonja (Lair:3)
  Nergalle (Lair:3)
  A wizard (D:14)
  2 unseen horrors
  7 orc knights
  A lindwurm (Lair:6)
  2 ugly things
  A cyclops (Orc:2)
  2 manticores
  3 deep elf magi
  3 orc sorcerers
  4 black mambas
  16 elephants
  A gargoyle (D:13)
  An ice statue (IceCv)
  A torpor snail (Lair:2)
  9 spiny frogs
  7 komodo dragons
  A komodo dragon (shapeshifter) (D:13)
  A rime drake (IceCv)
  4 trolls
  12 polar bears
  A queen bee (D:9)
  Prince Ribbit (D:5)
  A hornet (D:11)
  23 blink frogs
  A dream sheep (Lair:3)
  A dancing weapon (Orc:2)
  14 hippogriffs
  A water elemental (D:14)
  A wraith (D:13)
  A wyvern (Lair:3)
  40 yaks
  Eustachio (D:6)
  A hog (D:5)
  3 hungry ghosts
  12 vampire mosquitoes
  Edmund (D:4)
  3 wargs
  A naga (Lair:4)
  6 water moccasins
  7 porcupines
  31 orc warriors
  2 ice beasts
  2 black bears
  3 sky beasts
  4 slaves (D:5)
  2 necrophages
  A phantom (D:5)
  3 eyes of draining
  A boggart (D:10)
  12 centaurs
  11 ogres
  20 wolves
  14 crocodiles
  2 big kobolds
  12 bullfrogs
  2 wyvern zombies
  2 scorpions (D:9)
  A water moccasin skeleton (D:8)
  31 killer bees
  14 wights
  A howler monkey (D:8)
  4 electric eels
  3 crimson imps
  3 centaur zombies
  A jelly (D:12)
  26 orc priests
  7 hounds
  18 orc wizards
  3 bullfrog skeletons
  A centaur skeleton (D:11)
  Ijyb (D:3)
  5 iguanas
  9 worker ants
  5 hell rats
  2 hound zombies (D:11)
  A hound skeleton (D:5)
  Robin (D:4)
  10 gnolls
  11 adders
  5 shadow imps
  4 oozes
  An adder skeleton (D:9)
  2 adder zombies (D:5)
  3 worms (Sewer)
  A dart slug (D:1)
  3 leopard geckos
  75 orcs
  7 ball pythons
  9 giant cockroaches
  14 goblins
  8 hobgoblins
  22 jackals
  8 quokkas
  17 bats
  7 frilled lizards
  A goblin skeleton (D:6)
  5 hobgoblin zombies (D:6)
  16 kobolds
  A kobold zombie (D:6)
  A leopard gecko skeleton (D:4)
  An orc skeleton (D:6)
  2 orc zombies (D:6)
  A quokka skeleton (D:8)
  6 rats
  3 plants
726 creatures vanquished.

Vanquished Creatures (collateral kills)
  A war gargoyle (D:14)
  A death yak (Lair:2)
  2 orc knights (Orc:2)
  An elephant (Lair:3)
  A black mamba (Lair:4)
  A komodo dragon (Lair:1)
  5 polar bears (IceCv)
  4 blink frogs
  Sigmund (D:4)
  6 yaks
  2 water moccasins
  2 porcupines (Lair:4)
  2 orc warriors (Orc:2)
  4 wolves
  A centaur (D:11)
  2 crocodiles
  4 bullfrogs
  A killer bee (D:8)
  3 wights
  A lava snake (Lair:5)
  An orc priest (Orc:2)
  3 orc wizards
  A centaur skeleton (D:4)
  2 hell rats (Lair:6)
  A worker ant (D:11)
  An adder (D:2)
  2 gnolls (D:4)
  2 worms (Sewer)
  3 orcs
  2 giant cockroaches
  2 jackals
  A bat (Sewer)
  5 fungi (Lair:5)
  A plant (Lair:1)
72 creatures vanquished.

Vanquished Creatures (others)
  A spiny frog (Lair:6)
  2 polar bears (IceCv)
  4 dream sheep (Lair:3)
  15 dancing weapons
  A wolf (Lair:6)
  2 lava snakes (Lair:5)
  14 fungi
  16 plants
55 creatures vanquished.

Grand Total: 853 creatures vanquished

Notes
Turn   | Place    | Note
-------+----------+-------------------------------------------
     0 | D:1      | MordorOrchid the Felid Transmuter began the quest for the
                  | Orb.
     0 | D:1      | Reached XP level 1. HP: 9/9 MP: 4/4
   300 | D:1      | Reached XP level 2. HP: 12/12 MP: 4/6
   315 | D:1      | Learned a level 2 spell: Sticks to Snakes
   364 | D:1      | Reached skill level 1 in Stealth
   640 | D:1      | Reached skill level 3 in Dodging
   640 | D:1      | Reached XP level 3. HP: 11/15 MP: 7/7
   819 | D:1      | Learned a level 3 spell: Spider Form
  1692 | D:2      | Reached XP level 4. HP: 14/19 MP: 2/8
  2117 | D:3      | Found an ancient bone altar of Kikubaaqudgha.
  2193 | D:3      | Found a glowing drain.
  2292 | Sewer    | Entered a sewer
  2624 | Sewer    | Reached XP level 5. HP: 22/22 MP: 7/9
  3289 | D:3      | Found a basalt altar of Yredelemnul.
  3289 | D:3      | Found a snail-covered altar of Cheibriados.
  3490 | D:3      | Found a blossoming altar of Fedhas.
  3686 | D:4      | Noticed Edmund
  3713 | D:4      | Noticed Sigmund
  3725 | D:4      | Killed Sigmund
  3725 | D:4      | Reached skill level 5 in Unarmed Combat
  3725 | D:4      | Gained mutation: You are covered in thick fur. (AC +2)
                  | [Felid growth]
  3725 | D:4      | Reached XP level 6. HP: 8/26 MP: 4/11
  3753 | D:3      | Learned a level 2 spell: Ensorcelled Hibernation
  3953 | D:4      | Reached skill level 4 in Dodging
  3953 | D:4      | Reached skill level 1 in Evocations
  3985 | D:4      | Killed Edmund
  3985 | D:4      | Reached skill level 1 in Hexes
  4005 | D:4      | Found a staircase to the Ecumenical Temple.
  4083 | D:4      | Reached XP level 7. HP: 16/30 MP: 5/12
  4302 | D:4      | Noticed Robin
  4392 | Temple   | Entered the Ecumenical Temple
  4524 | Temple   | Became a worshipper of Makhleb the Destroyer
  4606 | D:4      | Killed Robin
  4612 | D:4      | Noticed Ijyb
  4639 | D:3      | Killed Ijyb
  5053 | D:5      | Entered Level 5 of the Dungeon
  5066 | D:5      | Reached skill level 1 in Ice Magic
  5584 | D:5      | Reached * piety under Makhleb
  5639 | D:5      | Reached XP level 8. HP: 20/33 MP: 14/14
  6076 | D:5      | Found a glowing golden altar of the Shining One.
  6076 | D:5      | Found a stormy altar of Qazlal.
  6131 | D:5      | Reached skill level 5 in Dodging
  6336 | D:5      | HP: 1/33 [poisoned by a worker ant]
  6664 | D:5      | Found a transporter.
  6665 | D:5      | Noticed Roikka's ghost (amateur MfWz)
  6665 | D:5      | Identified the +10 great mace "Ekiler" {crush, *Rage +Inv
                  | rPois Str+9}
  6666 | D:5      | Found a transporter.
  6803 | D:5      | Noticed Pikel
  7425 | D:5      | Noticed Pikel
  7425 | D:5      | Pikel changed into Pikel the hog
  7437 | D:5      | Killed Pikel the hog
  7437 | D:5      | Reached skill level 1 in Invocations
  7644 | D:5      | Learned a level 4 spell: Ice Form
  7673 | D:6      | Noticed Prince Ribbit
  7977 | D:5      | Killed Prince Ribbit
  8035 | D:6      | Noticed Eustachio
  8156 | D:6      | Found a glowing golden altar of the Shining One.
  8220 | D:6      | Reached ** piety under Makhleb
  8249 | D:5      | Learned a level 3 spell: Tukima's Dance
  8362 | D:6      | Found an ornate altar of the Wu Jian Council.
  8468 | D:6      | Reached skill level 5 in Transmutations
  8600 | D:6      | Reached XP level 9. HP: 37/37 MP: 14/16
  9093 | D:6      | Killed Eustachio
  9093 | D:6      | Reached skill level 6 in Dodging
  9213 | D:7      | Learned a level 2 spell: Slow
  9744 | D:7      | Reached skill level 5 in Spellcasting
 10097 | D:7      | Found a runed translucent door.
 10098 | D:7      | Noticed Crazy Yiuf
 10789 | D:8      | Noticed a two-headed ogre
 10850 | D:8      | Killed a two-headed ogre
 11047 | D:8      | Noticed Joseph
 11097 | D:8      | Reached XP level 10. HP: 29/42 MP: 16/20
 11236 | D:8      | Reached skill level 7 in Dodging
 11899 | D:9      | Reached *** piety under Makhleb
 12517 | D:9      | Found a staircase to the Orcish Mines.
 12829 | D:9      | Learned a level 3 spell: Confuse
 12844 | D:9      | Reached skill level 5 in Stealth
 13847 | D:9      | Reached skill level 8 in Dodging
 13954 | D:10     | Entered Level 10 of the Dungeon
 14244 | D:10     | Reached skill level 5 in Evocations
 14943 | D:10     | Noticed a two-headed ogre
 14970 | D:10     | Killed a two-headed ogre
 14970 | D:10     | Reached XP level 11. HP: 46/46 MP: 18/21
 15017 | D:10     | Learned a level 1 spell: Animate Skeleton
 15026 | D:10     | Reached **** piety under Makhleb
 15184 | D:10     | Reached skill level 9 in Dodging
 15271 | D:10     | Noticed an unseen horror
 15286 | D:10     | Killed an unseen horror
 15286 | D:10     | Reached skill level 1 in Necromancy
 15286 | D:10     | Reached skill level 5 in Invocations
 15655 | D:11     | Found a frozen archway.
 15671 | IceCv    | Entered an ice cave
 16111 | IceCv    | Reached skill level 5 in Fighting
 16222 | IceCv    | Reached skill level 10 in Unarmed Combat
 16636 | IceCv    | Reached skill level 10 in Dodging
 16748 | IceCv    | Learned a level 3 spell: Inner Flame
 16760 | IceCv    | Gained mutation: Your thick and shaggy fur keeps you warm.
                  | (AC +3, rC+) [Felid growth]
 16760 | IceCv    | Reached XP level 12. HP: 51/51 MP: 10/24
 16807 | IceCv    | Noticed a death yak
 16807 | IceCv    | Noticed a frost giant
 16810 | IceCv    | Reached skill level 1 in Fire Magic
 16815 | IceCv    | Killed a frost giant
 16816 | IceCv    | Killed a death yak
 17111 | D:11     | Reached ***** piety under Makhleb
 17487 | D:11     | Found a staircase to the Lair.
 18127 | D:10     | Learned a level 3 spell: Regeneration
 18559 | D:12     | Reached skill level 1 in Charms
 18579 | D:12     | Found Neheokhai's Weapon Emporium.
 18584 | D:12     | Bought 18 arrows for 50 gold pieces
 18650 | D:12     | Reached skill level 11 in Dodging
 19341 | D:13     | Found a runed translucent gate.
 19341 | D:13     | Found a runed translucent gate.
 19341 | D:13     | Noticed a nine-headed hydra
 19346 | D:13     | Found a runed translucent gate.
 19346 | D:13     | Noticed Amanar's ghost (journeyman DEFE)
 19349 | D:13     | Noticed an 11-headed hydra
 19639 | D:13     | Noticed a centaur warrior
 20126 | Lair:1   | Entered Level 1 of the Lair of Beasts
 20147 | Lair:1   | Noticed an eight-headed hydra
 20179 | Lair:1   | Slain by an eight-headed hydra
 20180 | Lair:1   | Reached XP level 11. HP: -1/58 MP: 22/24
 20513 | D:11     | Slain by a blink frog
 20514 | D:11     | Reached XP level 10. HP: -4/46 MP: 2/23
 20546 | D:11     | Reached XP level 11. HP: 49/49 MP: 8/24
 20765 | Lair:1   | Killed an eight-headed hydra
 21836 | Lair:2   | Reached ****** piety under Makhleb
 21913 | Lair:2   | Noticed a death yak
 21929 | Lair:2   | Killed a death yak
 21950 | Lair:2   | Reached skill level 12 in Dodging
 22263 | Lair:3   | Found a staircase to the Shoals.
 22331 | Lair:3   | Noticed Nergalle
 22397 | Lair:3   | Killed Nergalle
 22480 | Lair:3   | Reached XP level 12. HP: 54/54 MP: 10/25
 22605 | Lair:3   | Noticed Sonja
 22621 | Lair:3   | Killed Sonja
 22648 | Lair:3   | Reached skill level 5 in Hexes
 22815 | Lair:3   | Found a shimmering altar of Xom.
 23038 | Lair:4   | Found a staircase to the Snake Pit.
 23102 | Lair:4   | Noticed a seven-headed hydra
 23112 | Lair:4   | Killed a seven-headed hydra
 23929 | Lair:5   | Found a runed translucent door.
 23929 | Lair:5   | Found a viscous altar of Jiyva.
 24085 | Lair:5   | Learned a level 2 spell: Passwall
 24106 | Lair:5   | Found a staircase to the Slime Pits.
 24279 | Lair:5   | Found a hide-covered altar of Uskayaw.
 24622 | Lair:6   | Entered Level 6 of the Lair of Beasts
 25116 | Lair:5   | Reached skill level 1 in Earth Magic
 25116 | Lair:5   | Reached XP level 13. HP: 40/58 MP: 15/27
 25158 | Lair:6   | Learned a level 1 spell: Apportation
 26814 | Lair:5   | Learned a level 1 spell: Confusing Touch
 27240 | Lair:5   | Upgraded the game from 0.25-a0-98-g0cf78c2f83 to
                  | 0.25-a0-105-g2289b3b9f1
 27240 | Lair:5   | Upgraded the game from 0.25-a0-105-g2289b3b9f1 to
                  | 0.25-a0-166-g16436c4407
 27429 | Orc:1    | Entered Level 1 of the Orcish Mines
 27487 | Orc:1    | Found a roughly hewn altar of Beogh.
 27785 | Orc:2    | Entered Level 2 of the Orcish Mines
 27916 | Orc:2    | Found a staircase to the Elven Halls.
 28103 | Orc:1    | Found Koxzid's Antique Armour Emporium.
 28103 | Orc:1    | Noticed Snorg
 28107 | Orc:1    | Killed Snorg
 28107 | Orc:1    | Reached skill level 10 in Spellcasting
 28107 | Orc:1    | Reached skill level 1 in Translocations
 28466 | Orc:2    | Reached skill level 13 in Dodging
 28965 | Orc:2    | HP: 2/70 [orc knight (21)]
 29229 | Orc:2    | Reached XP level 14. HP: 63/63 MP: 15/29
 29563 | Orc:2    | Demolished by an orc warrior
 29564 | Orc:2    | Reached XP level 13. HP: -14/70 MP: 10/28
 30007 | Orc:2    | Found Wicsolot's General Store.
 30007 | Orc:2    | Found Veirgh's Gadget Emporium.
 30008 | Orc:2    | Found Huonemyu's Assorted Antiques.
 30008 | Orc:2    | Found Wirchieh's Assorted Antiques.
 30016 | Orc:2    | Bought a scroll labeled BAIGAM OQE for 34 gold pieces
 30016 | Orc:2    | Bought a scroll labeled BAIGAM OQE for 34 gold pieces
 30019 | Orc:2    | Bought a lightning rod (4/4) for 520 gold pieces
 30023 | Orc:2    | Bought a potion of might for 64 gold pieces
 30023 | Orc:2    | Bought 3 scrolls of fog for 96 gold pieces
 30023 | Orc:2    | Bought a scroll of teleportation for 48 gold pieces
 30023 | Orc:2    | Bought a scroll of blinking for 120 gold pieces
 30023 | Orc:2    | Bought a scroll of identify for 32 gold pieces
 30023 | Orc:2    | Bought a scroll of remove curse for 48 gold pieces
 30023 | Orc:2    | Bought a wand of acid (8) for 384 gold pieces
 30024 | Orc:2    | Bought a scroll of blinking for 255 gold pieces
 30026 | Orc:2    | Bought a potion of heal wounds for 140 gold pieces
 30026 | Orc:2    | Bought a scroll of teleportation for 84 gold pieces
 30026 | Orc:2    | Bought a potion of agility for 112 gold pieces
 30026 | Orc:2    | Bought 3 scrolls of fog for 168 gold pieces
 30026 | Orc:2    | Bought a potion of curing for 84 gold pieces
 30028 | Orc:2    | Bought a scroll of identify for 68 gold pieces
 30032 | Orc:2    | Upgraded the game from 0.25-a0-166-g16436c4407 to
                  | 0.25-a0-258-g6d7e32a812
 30032 | Orc:2    | Upgraded the game from 0.25-a0-258-g6d7e32a812 to
                  | 0.25-a0-263-g9d16a9d099
 30495 | D:13     | Noticed an ironheart preserver
 30509 | D:13     | Killed an ironheart preserver
 30680 | D:13     | Found a gate to the Vaults.
 30825 | D:14     | Noticed a cacodemon
 30949 | D:14     | Found Odecs's Distillery.
 30957 | D:14     | Noticed a tengu reaver
 30959 | D:14     | Noticed a war gargoyle
 31015 | D:14     | Noticed a tengu reaver
 31017 | D:14     | Killed from afar by a battlesphere
 31018 | D:14     | Reached XP level 12. HP: -5/57 MP: 27/27
 31027 | D:14     | Noticed a fire giant
 31185 | D:14     | Killed a tengu reaver
 31248 | D:14     | Killed a war gargoyle
 31257 | D:14     | Killed from afar by a tengu reaver

Levels and vault maps discovered:
D:1:      dpeg_arrival_court, layout_loops_ring, hex_medium, minmay_ruptured
D:2:      layout_rooms
D:3:      layout_basic, old_standard_altar, marbit_many_paths,
          gammafunk_temple_overflow_wave, portal_sewer_entry_c
D:4:      layout_rooms, temple_fountains, first_ration, uniq_ijyb, uniq_sigmund,
          uniq_robin, uniq_edmund
D:5:      layout_basic, gammafunk_temple_overflow_elements,
          gammafunk_ghost_smash, uniq_pikel
D:6:      layout_loops_ring, lemuel_doored_altar, nicolae_tso_besieged_by_evil,
          uniq_eustachio, uniq_prince_ribbit1
D:7:      layout_loops_ring, uniq_crazy_yiuf_cottage
D:8:      layout_gridville, uniq_joseph
D:9:      layout_long_grid, orc_0_dummy, minivault_7
D:10:     layout_loops_corners
D:11:     layout_small_grid, david_lair_generic, portal_ice_cave_entry_pillars_1
D:12:     layout_loops_ring, serial_shops, kennysheep_little_box, serial_glass,
          glass_columns_a, glass_columns_a, feat_on_display, item_on_display_a
D:13:     layout_long_grid, skrybe_vaults_entry_preservation,
          gammafunk_ghost_hydra_chop
D:14:     layout_big_octagon, serial_park_square3 [serial_park_minivault_5x5_3],
          serial_shops, shop_statue, blue_anna_alchemist
          [blue_anna_fruit_fields, blue_anna_fruit_fields],
          minmay_diamond_spiral
Temple:   regret_index_temple_generic_petals
Lair:1:   layout_concentric_octagons, grunt_megastairs_5, lemuel_fruit_fields
Lair:2:   layout_long_grid, beast_lair_carwin_8
Lair:3:   layout_chaotic_city, shoals_dummy_entry, minmay_hedge_maze,
          kb_xom_exploding_sheep, grunt_megastairs_1, uniq_sonja, uniq_nergalle
Lair:4:   layout_cave_pods, guppyfry_snake_entry_island
Lair:5:   layout_concentric_octagons, slime_altar_2, basic_altar,
          disabler_island, serial_bayou_shore_a
Lair:6:   grunt_lair_end_beastmaster, layout_gridlike,
          chequers_serial_rivers_small_3
Orc:1:    layout_diamond_mine, serial_shops, nicolae_shop_behind_doors,
          mines1_david, uniq_snorg
Orc:2:    st_orc_pillars, layout_caves, mines2_lemuel

Skill      XL: |  1  2  3  4  5  6  7  8  9 10 11 12 13 |
---------------+----------------------------------------+-----
Stealth        | 1 2 3 4 5 6 9 8 |  9.0
Dodging        | 3 4 5 6 8 12 11 13 | 13.5
Unarmed Combat | 4 5 6 7 9 10 12 | 12.8
Fighting       | 2 3 4 7 8 9 |  9.2
Transmutations | 3 4 5 6 |  6.0
Evocations     | 1 2 3 5 6 |  6.0
Spellcasting   | 3 4 6 7 9 10 | 10.8
Hexes          | 1 2 3 4 6 8 |  8.0
Ice Magic      | 1 2 3 |  3.0
Invocations    | 2 3 4 5 8 9 |  9.4
Necromancy     | 4 3 |  4.0
Fire Magic     | 2 |  2.0
Charms         | 2 |  2.0
Earth Magic    | 1 3 |  3.1
Translocations | 2 |  2.0

Action                   |  1- 3 |  4- 6 |  7- 9 | 10-12 | 13-15 || total
-------------------------+-------+-------+-------+-------+-------++-------
Melee: Unarmed           |   115 |   170 |   399 |  1208 |   506 ||  2398
       Headbutt          |    15 |    10 |    34 |    49 |    26 ||   134
       Bite              |     6 |     8 |    17 |    48 |    36 ||   115
       Punch             |     1 |     3 |     5 |    16 |    18 ||    43
 Cast: Beastly Appendage |    20 |    25 |    37 |    48 |    17 ||   147
       Sticks to Snakes  |     4 |    11 |     3 |     3 |     4 ||    25
       Spider Form       |       |     8 |    28 |    19 |       ||    55
       Ensorcelled Hiber |       |       |    10 |    72 |    27 ||   109
       Tukima's Dance    |       |       |     8 |    25 |    38 ||    71
       Slow              |       |       |     7 |     9 |       ||    16
       Ice Form          |       |       |     3 |    43 |    21 ||    67
       Confuse           |       |       |       |    95 |    84 ||   179
       Animate Skeleton  |       |       |       |    94 |    90 ||   184
       Inner Flame       |       |       |       |    16 |    22 ||    38
       Regeneration      |       |       |       |    23 |    40 ||    63
       Confusing Touch   |       |       |       |     5 |    10 ||    15
       Apportation       |       |       |       |       |    32 ||    32
       Passwall          |       |       |       |       |     1 ||     1
Invok: Greater Servant o |       |       |       |     1 |     2 ||     3
       Major Destruction |       |       |       |       |     1 ||     1
 Abil: End Transformatio |       |       |       |     4 |       ||     4
Evoke: Wand              |       |       |    14 |    50 |    36 ||   100
       Lamp of fire      |       |       |       |     1 |       ||     1
  Use: Scroll            |       |     9 |     8 |    14 |     2 ||    33
       Potion            |       |     1 |     8 |     3 |     2 ||    14
 Stab: Sleeping          |     8 |    16 |    11 |    79 |    11 ||   125
       Invisible         |       |       |     2 |       |       ||     2
       Confused          |       |       |     1 |    32 |    41 ||    74
       Distracted        |       |       |     1 |     4 |     5 ||    10
       Paralysed         |       |       |       |       |     1 ||     1
  Eat: Chunk             |    10 |     7 |    19 |    59 |    21 ||   116
       Ration            |       |       |       |     1 |       ||     1
Armor: Skin              |     1 |    16 |    20 |   142 |    48 ||   227
Dodge: Dodged            |   115 |   174 |   327 |   994 |   443 ||  2053

Table legend:
 A = Non-vault XP
 B = Vault XP
 C = Vault XP percentage of total XP
 D = Non-vault monster count
 E = Vault monster count
 F = Vault count percentage of total count
                 A         B        C        D         E       F
            +---------+---------+-------+---------+---------+-------
      Total |   66357 |   42299 |  38.9 |     548 |     238 |  30.3
            +---------+---------+-------+---------+---------+-------
        D:1 |      47 |       4 |   7.8 |      24 |       4 |  14.3
        D:2 |      55 |       0 |   0.0 |      21 |       0 |   0.0
        D:3 |      77 |      45 |  36.9 |      24 |       7 |  22.6
        D:4 |     244 |     383 |  61.1 |      19 |      14 |  42.4
        D:5 |     854 |     483 |  36.1 |      28 |       2 |   6.7
        D:6 |    1030 |     254 |  19.8 |      16 |      12 |  42.9
        D:7 |     376 |       0 |   0.0 |       7 |       0 |   0.0
        D:8 |    2097 |       0 |   0.0 |      31 |       0 |   0.0
        D:9 |    1215 |    1386 |  53.3 |      28 |      18 |  39.1
       D:10 |    4715 |       0 |   0.0 |      36 |       0 |   0.0
       D:11 |    2924 |    1531 |  34.4 |      35 |       7 |  16.7
       D:12 |    4787 |       0 |   0.0 |      37 |       0 |   0.0
       D:13 |    6178 |    4093 |  39.9 |      36 |       7 |  16.3
       D:14 |    1929 |    3770 |  66.2 |      11 |       4 |  26.7
     Lair:1 |    1582 |     910 |  36.5 |       4 |       3 |  42.9
     Lair:2 |    3309 |    1154 |  25.9 |      14 |       7 |  33.3
     Lair:3 |    5056 |    2796 |  35.6 |      20 |       8 |  28.6
     Lair:4 |    4677 |     157 |   3.2 |      20 |       1 |   4.8
     Lair:5 |    8199 |      23 |   0.3 |      46 |       1 |   2.1
     Lair:6 |   10324 |       0 |   0.0 |      36 |       0 |   0.0
      Orc:1 |    4334 |    1956 |  31.1 |      35 |       2 |   5.4
      Orc:2 |    2348 |   10908 |  82.3 |      20 |      63 |  75.9
      Sewer |       0 |      74 | 100.0 |       0 |      26 | 100.0
      IceCv |       0 |   12372 | 100.0 |       0 |      52 | 100.0
            +---------+---------+-------+---------+---------+-------
